[Event "Olympiad-39"]
[Site "Khanty-Mansiysk"]
[Date "2010.09.22"]
[Round "2.1"]
[White "Carlsen, Magnus"]
[Black "Galego, Luis"]
[Result "1-0"]
[ECO "E11"]
[WhiteElo "2826"]
[BlackElo "2500"]
[Annotator "ChessBase"]
[PlyCount "87"]
[EventDate "2010.09.21"]
[EventType "team-swiss"]
[EventRounds "11"]
[EventCountry "RUS"]
[SourceTitle "CBM 139"]
[Source "ChessBase"]
[SourceDate "2010.11.18"]
[SourceVersion "1"]
[SourceVersionDate "2010.11.18"]
[SourceQuality "1"]
[WhiteTeam "Norway"]
[BlackTeam "Portugal"]
[WhiteTeamCountry "NOR"]
[BlackTeamCountry "POR"]
[TimeControl "40/5400+30:1800+30"]

1. d4 Nf6 2. c4 e6 3. Nf3 Bb4+ 4. Bd2 Bxd2+ 5. Qxd2 d5 6. g3 O-O 7. Bg2 Nbd7 8. Qc2 c6 9. Nbd2 Qe7 10. O-O e5 11. cxd5 Nxd5 12. e4 {White's plan is to play his center majority against black's queenside majority.} N5f6 $6 ({The usual move is} 12... N5b6) 13. Rfe1 exd4 $146 ({RR} 13... Rd8 14. Rad1 exd4 15. Nxd4 Nb6 16. N2b3 Bg4 17. f3 Be6 18. Qc5 Qe8 19. e5 Nfd7 20. Qc1 Nf8 21. f4 Bxb3 22. Nxb3 Ne6 23. Rd6 Nc8 24. Rxc6 {1-0 (24) Karpov,A (2730)-Andersson,U (2625) Reykjavik 1991}) 14. e5 Nd5 15. Nxd4 N7b6 16. f4 $1 Nb4 17. Qe4 {White has achieved what he wanted and is clearly to be favored.} Rd8 18. N2f3 Bg4 19. Rad1 Bxf3 $2 {Why play this without being forced to?} 20. Bxf3 Qc5 {#} ({Black would still be in big trouble after} 20... Nxa2 21. f5 $1 Nd5 22. f6 $1 {and his position would collapse after} gxf6 $6 23. Nf5 $1 Qf8 24. Qh4 b6 25. Bxd5 Rxd5 26. Nh6+ Kh8 (26... Kg7 27. Qxf6#) 27. Qxf6+ Qg7 28. Nxf7+ Kg8 29. Qxc6) 21. e6 $1 fxe6 22. Kh1 Qd5 23. Qe3 Qxa2 24. Nxe6 Rxd1 25. Rxd1 {The threat of Qe5 is very tough to meet.} Qxb2 $2 26. Nd8 $1 {This lovely move wins by force.} Qf6 27. Qe8+ Qf8 28. Qe6+ Kh8 29. Nf7+ Kg8 {#} 30. Rd8 $1 Rxd8 31. Nxd8+ Kh8 32. Nf7+ Kg8 33. Ng5+ Kh8 34. Qe4 g6 35. Qd4+ Qg7 36. Qxb4 $2 {Winning a piece and no doubt the game, but he had a stronger continuation all the same.} (36. Qd8+ Qg8 37. Qf6+ Qg7 38. Nf7+ Kg8 39. Nh6+ $1 {Undoubtedly the move that Carlsen missed.} Qxh6 40. Bg4 $1 {and the threat of Be6 is unstoppable.}) 36... h6 37. Ne4 Nd5 38. Qa3 b5 39. Qc5 b4 40. Qxc6 Qa1+ 41. Kg2 Ne3+ 42. Kf2 Qd4 43. Qe8+ Kg7 44. Qe7+ 1-0

[Event "Nanjing Pearl Spring 3rd"]
[Site "Nanjing"]
[Date "2010.10.28"]
[Round "8"]
[White "Wang, Yue"]
[Black "Carlsen, Magnus"]
[Result "1/2-1/2"]
[ECO "E00"]
[WhiteElo "2732"]
[BlackElo "2826"]
[Annotator "Edouard,Romain"]
[PlyCount "56"]
[EventDate "2010.10.20"]
[EventType "tourn"]
[EventRounds "10"]
[EventCountry "CHN"]
[EventCategory "21"]
[SourceTitle "CBM 139"]
[Source "ChessBase"]
[SourceDate "2010.11.18"]
[SourceVersion "1"]
[SourceVersionDate "2010.11.18"]
[SourceQuality "1"]
[TimeControl "40/7200:20/3600:900+30"]

1. d4 {Moradiabadi/Mueller,Kar} Nf6 2. c4 e6 3. g3 Bb4+ 4. Bd2 Bxd2+ 5. Qxd2 d5 {This line is secondary but known as very solid for Black.} 6. Bg2 c6 7. Nf3 Nbd7 8. O-O b6 9. Rc1 O-O ({RR} 9... Bb7 10. Ne5 Nxe5 11. dxe5 Nd7 12. f4 O-O 13. cxd5 cxd5 14. Na3 a5 15. Nb5 Nc5 16. Rc2 f6 17. Qe3 fxe5 18. Qxe5 Rf5 19. Qd6) 10. cxd5 cxd5 11. Nc3 ({RR} 11. Na3 Bb7 12. Nb5 a6 13. Nd6 Qb8 ({RR} 13... Ne4 14. Nxb7 Nxd2 ({RR} 14... Qb8 15. Qf4) 15. Nxd8 Nxf3+ 16. Bxf3 Rfxd8 17. Rc7 Nf6 18. Rac1) 14. Qb4 a5 15. Qa3 Ba6 16. Ne5 b5 17. Qxa5 ({RR} 17. Rc6 b4 18. Qe3 Bb7 19. Nxd7 Nxd7 20. Nxb7 Qxb7 21. Rac1 Rfc8 22. R6c2 Rxc2 23. Rxc2 Rc8) 17... Qxd6 18. Rc6 Qb8 19. Rxa6 Rxa6 20. Qxa6 Nxe5 21. dxe5 Qxe5 22. Qxb5 Rb8 23. Qd3 Rxb2 24. Qe3 Qxe3 25. fxe3 Rxe2 {Kramnik,V (2784)-Carlsen,M (2814) Wijk aan Zee 2011 CBM 141 [Moradiabadi/Mueller,Kar] 0-1 (85)}) 11... Ba6 12. a4 Rc8 (12... Bc4 13. Nb5 Qe7 14. Na3 Ne4 15. Qd1 Ba6 16. Nb5 Bxb5 17. axb5 Qb4 18. Qa4 Qxa4 19. Rxa4 Nd6 20. Rc7 Rfd8 21. Raxa7 Rxa7 22. Rxa7 Nxb5 23. Ra1 Kf8 24. e3 Rc8 25. Bf1 Nd6 26. Bd3 {½-½ Portisch,L (2635)-Spassky,B (2560)/Reykjavik 1988}) 13. Nb5 Ne4 $146 ({RR} 13... Rxc1+ 14. Rxc1 Bxb5 15. axb5 Ne4 16. Qf4 Ndf6 17. Ne5 Nd6 18. Nc6 Qd7 19. Nxa7 Nxb5 20. Nxb5 Qxb5 21. Qd2 Qa6 22. Bf1 Rc8 23. e4 Rxc1 24. Qxc1 Qb7 25. e5 Nd7 26. Bb5 Nf8 27. h4 Qa7 28. Qc3 {Chadaev,N (2577)-Grigoriants,S (2562) Moscow 2011 ½-½ (54)}) 14. Qf4 Qe7 15. Rc7 Bxb5 16. axb5 Nd6 17. Qc1 Rxc7 18. Qxc7 Rc8 19. Qxa7 Qd8 20. Qa4 h6 21. Qb4 Qf8 {White is up a pawn but it is very hard to improve something. Still, the next moves seems not to be accurate, giving Black a chance to draw at once.} 22. b3 $6 ({Something like} 22. e3 $5 {followed by b3 should be normal, though we trust Magnus should draw this! Probably Wang Yue was also not eagering to go desperately for a win, as he suffered a little bit in his last games.}) 22... Ne4 23. Qxf8+ Kxf8 24. Ne5 Nxe5 25. Bxe4 dxe4 26. dxe5 Rc5 27. Ra8+ Ke7 28. Ra7+ Kf8 1/2-1/2

[Event "Nanjing Pearl Spring 3rd"]
[Site "Nanjing"]
[Date "2010.10.29"]
[Round "9"]
[White "Topalov, Veselin"]
[Black "Carlsen, Magnus"]
[Result "0-1"]
[ECO "E00"]
[WhiteElo "2803"]
[BlackElo "2826"]
[Annotator "Edouard,Romain"]
[PlyCount "66"]
[EventDate "2010.10.20"]
[EventType "tourn"]
[EventRounds "10"]
[EventCountry "CHN"]
[EventCategory "21"]
[SourceTitle "CBM 139"]
[Source "ChessBase"]
[SourceDate "2010.11.18"]
[SourceVersion "1"]
[SourceVersionDate "2010.11.18"]
[SourceQuality "1"]
[TimeControl "40/7200:20/3600:900+30"]

1. d4 {Moradiabadi/Mueller,Kar} Nf6 2. c4 e6 3. g3 Bb4+ 4. Bd2 Bxd2+ 5. Qxd2 d5 6. Bg2 c6 7. Nf3 Nbd7 8. O-O ({RR} 8. Qc2 Qe7 9. Nbd2 e5 10. cxd5 Nxd5 11. Nxe5 Nxe5 12. dxe5 Qxe5 13. Nc4 Qe7 14. Bxd5 cxd5 15. Ne3 Qe4 16. O-O O-O 17. Rfd1 Be6 18. Qxe4 dxe4 19. g4 f5 20. gxf5 Bxf5 21. Rd4 Rae8 22. Rc1 Re7 {Vergara Anton,D (2442)-Voloshin,L (2379) Legnica POL 2025 ½-½}) 8... b6 9. Rc1 O-O ({RR} 9... Bb7 10. Ne5 Nxe5 11. dxe5 Nd7 12. f4 O-O 13. cxd5 cxd5 14. Na3 a5 15. Nb5 Nc5 16. Rc2 f6 17. Qe3 fxe5 18. Qxe5 Rf5 19. Qd6) 10. b4 $146 (10. cxd5 cxd5 11. Nc3 Ba6 12. a4 Rc8 13. Nb5 Ne4 14. Qf4 Qe7 15. Rc7 Bxb5 16. axb5 Nd6 17. Qc1 Rxc7 18. Qxc7 Rc8 19. Qxa7 Qd8 20. Qa4 h6 21. Qb4 Qf8 22. b3 Ne4 23. Qxf8+ Kxf8 24. Ne5 Nxe5 25. Bxe4 dxe4 26. dxe5 Rc5 27. Ra8+ Ke7 28. Ra7+ Kf8 {½-½ Wang,Y (2732)-Carlsen,M (2826)/Nanjing/China 2010}) ({RR} 10. cxd5 cxd5 11. Na3 Bb7 12. Nb5 a6 13. Nd6 Qb8 ({RR} 13... Ne4 14. Nxb7 Nxd2 ({RR} 14... Qb8 15. Qf4) 15. Nxd8 Nxf3+ 16. Bxf3 Rfxd8 17. Rc7 Nf6 18. Rac1) 14. Qb4 a5 15. Qa3 Ba6 16. Ne5 b5 17. Qxa5 ({RR} 17. Rc6 b4 18. Qe3 Bb7 19. Nxd7 Nxd7 20. Nxb7 Qxb7 21. Rac1 Rfc8 22. R6c2 Rxc2 23. Rxc2 Rc8) 17... Qxd6 18. Rc6 Qb8 19. Rxa6 Rxa6 20. Qxa6 Nxe5 21. dxe5 Qxe5 22. Qxb5 Rb8 23. Qd3 Rxb2 24. Qe3 Qxe3 {Kramnik,V (2784)-Carlsen,M (2814) Wijk aan Zee 2011 CBM 141 [Moradiabadi/Mueller,Kar] 0-1 (85)}) ({RR} 10. cxd5 cxd5 11. Na3 Ba6 12. Ne5 Nxe5 13. dxe5 Nd7 14. f4 Rc8 15. Rxc8 Qxc8 16. Rc1 Qd8 17. Nc2 Nb8 18. Nd4 Qe7 19. f5 exf5 20. e6 Bb7 21. Nxf5 Qxe6 22. Qg5 g6 23. Bh3 Qxe2 24. Nh6+ {½-½ (24) Nogueiras Santiago,J (2545)-Andersson,U (2575) Sarajevo 1985}) 10... Bb7 11. Qb2 Rb8 $146 12. Nbd2 Qe7 13. e3 Rfc8 14. Rc2 c5 15. bxc5 bxc5 16. Qa3 Rc6 17. Rac1 Ra6 18. Qd3 h6 19. Qe2 dxc4 20. Qxc4 cxd4 (20... Rc8 $5 {might be a better try to equalize.}) 21. Nxd4 Rb6 22. Bxb7 R8xb7 {Things have been going fine for Topalov who enjoys a small plus. But suddenly the situation will change hardly!} 23. Kg2 (23. Qf1 $5 {is given best by several engines, with ideas line:} Rb2 24. Rc8+ Kh7 $2 25. Qd3+ (25. Nc4 Rxa2 26. Rb1 $1 $18) 25... g6 26. Nc6 $18) (23. N2b3 $5 {would also be quite logical.}) 23... Ne5 24. Qc5 $2 {The real mistake, although White's avdantage are more or less disappeared with 23.Kg2. It is clear that Topalov is out of form and is playing much under his real level.} Qxc5 25. Rxc5 Rb2 {Now Black is better.} 26. R1c2 Nd3 $1 27. Rc8+ Kh7 28. N4f3 a5 {This pawn is supposed to bring the victory later, so it's quite logical to push it! Still, this doesn't look like a real winning plan, while it looks like Black had a much stronger possibility right now.} (28... Ng4 $1 29. Nb3 Rxc2 (29... Rb8 $5 {is a funny possibility, probably about equivalent to 29...Rxc2, but I quote it simply because I love this move!}) 30. Rxc2 Rb4 $5 31. h3 Ngxf2 32. Rxf2 Nxf2 33. Kxf2 Ra4 {is another idea - more direct let's say. This should be winning for Black. Very often, two knights "alone" are a bad sign for the endgame.}) 29. h3 a4 30. a3 g5 31. Rxb2 $6 ({After} 31. g4 {I feel like Black should be slightly better, but all engines insist with a 0.00 evaluation. After playing a match against Rybka and not winning a single game (no, I'm joking, I didn't play but just guessed the result), I believe White should be able to draw...}) 31... Rxb2 32. Rc3 $4 {Woah! An hallucination, I guess.} Nxf2 33. Rc7 (33. Kxf2 Ne4+ $19) 33... N2e4 0-1

[Event "Moscow Tal Memorial 6th"]
[Site "Moscow"]
[Date "2011.11.20"]
[Round "5"]
[White "Ivanchuk, Vassily"]
[Black "Carlsen, Magnus"]
[Result "1/2-1/2"]
[ECO "D82"]
[WhiteElo "2775"]
[BlackElo "2826"]
[Annotator "Ramirez Alvarez,Alejandro"]
[PlyCount "147"]
[EventDate "2011.11.16"]
[EventType "tourn"]
[EventRounds "9"]
[EventCountry "RUS"]
[EventCategory "22"]
[SourceTitle "CBM 146"]
[Source "ChessBase"]
[SourceDate "2012.01.18"]
[SourceVersion "1"]
[SourceVersionDate "2012.01.18"]
[SourceQuality "1"]
[TimeControl "6000+30"]

1. d4 Nf6 2. c4 g6 3. Nc3 d5 4. Bf4 Bg7 5. e3 c5 6. dxc5 Qa5 7. Qb3 {Following Ivanchuk's success with the strange 4.e3 followed by 5.b3 against Svidler, he decides to take on another sideline. 7.c1 is by far the main choice.} Na6 {Attempting to take back on c5 with the  is very logical. This gives White the option to retain one of his pawns, but at a great cost.} 8. cxd5 Nxc5 9. Qb5+ Qxb5 10. Bxb5+ Bd7 $44 {White now has his extra pawn on d5, which isn't going to fall any time soon. However you can't stop evaluating there. The pawn IS weak is Black holds e4 under control, which means it can't be reinforced easily. Furthermore Black is ahead on development, and his  on g7 can easily begin pounding on the queenside with the help of a b5 push.} 11. Rd1 Nh5 12. Bxd7+ Kxd7 13. Bg3 $146 (13. Nf3 {doesn't look pleasant but maybe it was more important to develop than to keep the pawn structure.} Nxf4 14. exf4 Bxc3+ $5 15. bxc3 f6 16. O-O Ne4 $44 {and Black is down a pawn but not worse.}) (13. Nge2 Nxf4 14. exf4 (14. Nxf4 b5 $1 15. Rd2 (15. Nxb5 Rhb8 16. Nd4 Rxb2 $15) 15... b4 16. Nd1 b3 {with plentiful compensation.})) ({RR} 13. Nge2 Nxf4 14. exf4 b5 15. b4 Nb7 16. Nxb5 a5 17. Rc1 Rhc8 18. Rxc8 Kxc8 19. bxa5 Rxa5 20. Nbc3 Nd6 21. Kd2 Kd7 22. Rb1 f5 23. f3 Bf6 24. a4 Rc5 25. Kd3 Ra5 26. Rb4 Rc5 27. Rb6 Ra5 {Vallin,G (2419)-Taddei,B (2340) France 2004 1-0 (37)}) 13... b5 {White's pieces on the kingside are too far away from the queenside action, and it's hard to believe that White can keep all his pawns alive. White should be thinking about equality.} 14. d6 e6 {Black's superior development, awesome blockade of the weak d6-pawn and queenside adctivity give him more than enough compensation for the pawn.} 15. Nf3 b4 16. Nb5 Nxg3 17. hxg3 Rab8 18. Nbd4 h5 19. Rh4 f5 {Black is using his structure to try to push the white pieces back. He is in no hurry to regain material as he knows that the d6-pawn is just doomed.} 20. Ne2 e5 21. Rc4 Rhc8 22. Kf1 Ne4 23. Rc7+ {The pawn was going to fall anyway, at least this way Ivanchuk gets rid of some active pieces.} Rxc7 24. dxc7+ Kxc7 25. Nd2 Nxd2+ 26. Rxd2 {Black has finally regained his material, and it is obvious that he has emerged on top. The  is considerably better than the , which at the moment lacks any good squares. Not to mention, the structure favors Black and White's  will be out of play for a few more moves at the very least. White is forced to be passive.} a5 27. b3 a4 28. bxa4 Ra8 29. Nc1 e4 30. Ne2 Rxa4 31. Nf4 {The  has gained f4, since the e-pawn was pushed to increase the s scope. This isn't a particular big gain, though, since g5 is still in the fray.} (31. Nd4 Kb6 32. Ke1 Be5 $15 {poses the strong threat of ...c5 and ...xd4.}) 31... Bc3 32. Rc2 Kd6 33. Ke2 (33. Nxg6 $4 b3 34. Rxc3 bxa2 35. Rc1 Rb4 $1 $19) 33... g5 34. Nxh5 Kd5 {Black finds himself down a pawn again, but again the compensation is very obvious. The  on h5 is out of play and he has pressure on the weak a2, not to mention that White can't make use of his majority. The only rub in the position is that it isn't clear how to break through.} 35. f3 g4 (35... Kc4 36. g4 {creates very unnecessary complications, it is much better to lock down the pawn structure at once.}) 36. Nf4+ Kc4 37. Ne6 Ra6 38. Nf4 (38. Nd4 exf3+ 39. gxf3 Rh6 {looked very troubling for White, as now he doesn't control h3, which means his g3-pawn is a prime target.} 40. fxg4 (40. Nxf5 $2 Rh2+ 41. Kd1 Rh1+ 42. Ke2 Re1+ 43. Kf2 Kd3 {and the rook is history.}) 40... fxg4 41. Kf1 Kd3 $17 {with a strong initiative against the dangerously corralled king.}) 38... Rh6 39. fxg4 fxg4 40. Rc1 (40. Kf2 {was the best way of holding the fortress, but it still seems like Black can create dangerous threats.} Rd6 41. Kf1 Kb5 42. a3 bxa3 43. Rxc3 a2 44. Rc1 Kb4 {Black will soon pick up the rook. All that is left to be seen is if Black can penetrate the  and  defense.} 45. Ra1 Kb3 46. Rxa2 Kxa2 47. Nh5 Kb2 48. Nf4 Kc2 49. Ke2 Rd2+ 50. Ke1 {However I personally don't see how.}) 40... Ra6 (40... Rd6 41. Rc2 Kb5 42. a3 bxa3 43. Rxc3 a2 44. Ra3 Ra6 45. Rxa2 Rxa2+ {leads to the same kind of ending as before. Which I think is a draw.}) 41. Rc2 Rh6 42. Rc1 Rd6 43. Rc2 Ra6 44. Kf2 Rh6 45. Ke2 Rh1 46. Ng6 Re1+ (46... b3 47. Ne5+ Kd5 48. Rxc3 bxa2 49. Ra3 a1=Q 50. Rxa1 Rxa1 51. Nxg4 {is quite definitely drawn.}) 47. Kf2 Ra1 48. Nf4 Rb1 49. Ne6 Rd1 50. Nf4 Rd6 51. Ke2 Rc6 $2 {After much shuffling, I think this is where Magnus missed some serious winning chances.} (51... Kb5 52. a3 (52. Kf2 Ka4 53. Kf1 $1 (53. Ne2 $2 Rd2 $19) 53... Rd2 $6 (53... Ka3 54. Ke2 Bb2 55. Rc4 Bc3 56. Rxe4 Rd2+ 57. Kf1 Kxa2 {And it may be that this is still a draw after c4! but it is not easy. White has had to find a lot of exact moves.}) 54. Rxd2 Bxd2 55. Ke2 Bc3 56. Kd1 Ka3 57. Kc2 Kxa2 58. Nd5 $11) 52... bxa3 53. Rxc3 a2 54. Rc1 Kb4 {We simply get to the same endgame we have seen previously. However at this point Black had to try to enter this endgame.}) 52. Rc1 Kb5 53. Nd5 Rc5 54. Nf4 Rc6 55. Nd5 Rc5 56. Nf4 Ka4 57. Ne6 {As opposed to the other line, the  comes back quickly into the game, and Black doesn't even win the exchange.} Rd5 58. Rc2 Ka3 59. Nd4 Rc5 60. Nb3 Rd5 61. Nd4 Bxd4 62. Rd2 {Black must surrender the exchange or he will stand much worse if not just lost after exd4.} Bc3 $11 63. Rxd5 Kxa2 64. Kd1 b3 65. Rb5 Kb2 66. Rb8 Bf6 67. Kd2 Bc3+ 68. Kd1 Bf6 69. Rf8 Bc3 70. Re8 Ka2 71. Ra8+ Kb1 72. Ra4 b2 73. Ra6 Ba5 {Because Black is Magnus. He plays cool moves.} 74. Rxa5 {Obviously Black had run out of ways to try to make progress, and there was no way that White was going to have time to pick up any pawns. Magnus had been pushing for the entire game, and he might have had chances, but was unable to finish it off at the end.} 1/2-1/2